 Dungeon Crawl Stone Soup version 0.24-a0-307-gf989941d98 (webtiles) character file.

Game seed: 1704613630938945848

434 D1HalberdGnoll the Slasher (level 6, 0/53 HPs)
             Began as a Draconian Abyssal Knight on May 12, 2019.
             Was a Priest of Lugonu.
             Killed from afar by an orc wizard (7 damage)
             ... with a magic dart
             ... on level 4 of the Dungeon.
             The game lasted 00:04:28 (3952 turns).

D1HalberdGnoll the Slasher (DrAK)                   Turns: 3952, Time: 00:04:28

Health: 0/53       AC:  6    Str: 15    XL:     6   Next: 68%
Magic:  8/8        EV: 13    Int: 12    God:    Lugonu [***...]
Gold:   123        SH:  0    Dex: 12    Spells: 5/5 levels left

rFire    . . .     SeeInvis .   a - +1 falchion
rCold    . . .     Gourm    .   (no shield)
rNeg     . . .     Faith    .   (armour unavailable)
rPois    .         Spirit   .   (helmet restricted)
rElec    .         Reflect  .   (no cloak)
rCorr    .         Harm     .   (no gloves)
MR       .....                  (no boots)
Stlth    +.........             (no amulet)
HPRegen  0.17/turn              (no ring)
MPRegen  0.11/turn              (no ring)

@: about to teleport
A: unfitting armour, cold-blooded, AC +6
a: Depart the Abyss, Bend Space, Banish, Renounce Religion


You were on level 4 of the Dungeon.
You worshipped Lugonu.
Lugonu was most pleased with you.
You were hungry.

You visited 1 branch of the dungeon, and saw 4 of its levels.
You visited the Abyss 1 time.

You collected 123 gold pieces.

Inventory:

Hand Weapons
 a - a +1 falchion (weapon)
Missiles
 m - 4 boomerangs (quivered)
Jewellery
 q - a +3 amulet of reflection {unknown}
Wands
 p - a wand of disintegration (12)
Scrolls
 c - 3 scrolls of remove curse
 e - a scroll of fear {unknown}
 f - a scroll of fog {unknown}
 i - 7 scrolls of identify
 k - a scroll of blinking
 l - 2 scrolls of amnesia {unknown}
 o - a scroll of enchant weapon {unknown}
 r - a scroll of noise {unknown}
Potions
 h - 2 potions of haste {unknown}
 j - 5 potions of might {unknown}
 s - a potion of magic {unknown}
Comestibles
 b - 8 rations


   Skills:
 + Level 4.7 Fighting
 * Level 4.8 Long Blades
 + Level 3.5 Dodging
 + Level 3.8 Invocations


You had 5 spell levels left.
You didn't know any spells.
Your spell library was empty.

Dungeon Overview and Level Annotations

Branches:
Dungeon (4/15)
 Temple: D:4-7

Altars:


Innate Abilities, Weirdness & Mutations

Your plain brown scales are hard. (AC +6)
You cannot fit into any form of body armour.
You are cold-blooded and may be slowed by cold attacks.


Message History

The orc misses you. Something hits you.
* * * LOW HITPOINT WARNING * * *
The orc hits you from afar with a +0 trident!
* * * LOW HITPOINT WARNING * * *
You hear some strange, mumbled words.
A puff of flame appears from out of thin air!
The puff of flame misses you. Something hits you.
* * * LOW HITPOINT WARNING * * *
As you read the scroll of teleportation, it crumbles to dust.
You feel strangely unstable.
You feel yourself speed up. Something hits you.
* * * LOW HITPOINT WARNING * * *
Something completely misses you.
The orc hits you from afar with a +0 trident.
* * * LOW HITPOINT WARNING * * *
A magic dart appears from out of thin air!
The magic dart hits you!
You die...

... .#..# #.. .....#
##.. #....
..###...####..# .
.#..........##..##.# ..
........#..........##...
.......###..).†.##......
....##.#.....#..##......
#...#...##..##.@.......
#.........)o.##.......
##.....[.†o####......
###....................
##......................
..†.<...........#....#..
...............## .### #
#....#........## #
#.<.##..........


You could see an orc wizard and an orc.

Vanquished Creatures
  3 hounds (D:4)
  2 orc priests
  Natasha (D:4)
  3 orc wizards
  6 adders
  An ooze (D:2)
  2 worms (D:2)
  A dart slug (D:1)
  9 leopard geckos
  15 orcs
  8 giant cockroaches
  5 goblins
  9 hobgoblins
  4 jackals (D:3)
  A quokka (D:3)
  2 ball pythons
  5 bats
  7 frilled lizards
  11 kobolds
  8 rats
103 creatures vanquished.

Notes
Turn   | Place    | Note
-------+----------+-------------------------------------------
     0 | Abyss:1  | D1HalberdGnoll the Draconian Abyssal Knight began the quest
                  | for the Orb.
     0 | Abyss:1  | Reached XP level 1. HP: 19/19 MP: 2/2
     0 | D:1      | Escaped the Abyss
   172 | D:1      | Reached * piety under Lugonu
   179 | D:1      | Reached XP level 2. HP: 25/26 MP: 3/3
   848 | D:1      | Reached XP level 3. HP: 7/33 MP: 4/4
  1359 | D:2      | Reached XP level 4. HP: 40/40 MP: 6/6
  2022 | D:2      | HP: 2/40 [orc wizard/puff of flame (7)]
  2043 | D:2      | Reached XP level 5. HP: 21/46 MP: 7/7
  2278 | D:3      | Reached ** piety under Lugonu
  3288 | D:3      | Reached *** piety under Lugonu
  3299 | D:3      | Reached XP level 6. HP: 53/53 MP: 8/8
  3926 | D:4      | Noticed Natasha
  3945 | D:4      | Killed Natasha
  3952 | D:4      | Killed from afar by an orc wizard

Levels and vault maps discovered:
D:1:      shiori_shiawase, layout_basic, due_unseen_surprise
D:2:      layout_loops_corners
D:3:      minmay_evil_eye, layout_loops_cross, gup_sewer_entry_pipe
D:4:      layout_cave_pools, kennysheep_mini_moat, first_ration,
          roderic_lattice_a, fedhas_altar_4, uniq_natasha

Skill      XL: |  1  2  3  4  5 |
---------------+----------------+-----
Long Blades    | 3 4 |  4.8
Fighting       | 4 |  4.7
Invocations    | 3 |  3.8
Dodging        | 3 |  3.5

Action                   |  1- 3 |  4- 6 || total
-------------------------+-------+-------++-------
Melee: Falchion          |    78 |   301 ||   379
       Tailslap          |     7 |    37 ||    44
Throw: Boomerang         |     2 |     4 ||     6
Invok: Depart the Abyss  |     1 |       ||     1
  Use: Potion            |       |     4 ||     4
       Scroll            |       |     6 ||     6
 Stab: Sleeping          |     3 |     2 ||     5
  Eat: Chunk             |     1 |     9 ||    10
Armor: Skin              |    17 |    95 ||   112
Dodge: Dodged            |    58 |   239 ||   297
       Rpst.: Falchion   |    16 |    74 ||    90

Table legend:
 A = Non-vault XP
 B = Vault XP
 C = Vault XP percentage of total XP
 D = Non-vault monster count
 E = Vault monster count
 F = Vault count percentage of total count
                 A         B        C        D         E       F
            +---------+---------+-------+---------+---------+-------
      Total |     545 |      76 |  12.2 |      90 |      13 |  12.6
            +---------+---------+-------+---------+---------+-------
        D:1 |      61 |       0 |   0.0 |      16 |       0 |   0.0
        D:2 |     158 |       0 |   0.0 |      29 |       0 |   0.0
        D:3 |     152 |      40 |  20.8 |      38 |      12 |  24.0
        D:4 |     174 |      36 |  17.1 |       7 |       1 |  12.5
            +---------+---------+-------+---------+---------+-------
